 Dungeon Crawl Stone Soup version 0.25-a0-681-gdf4e720381 (webtiles) character file.

Game seed: 6853605411524020270, levelgen mode: deterministic

51 ReteAZ the Conjurer (level 3, -9/19 HPs)
             Began as a Deep Elf Conjurer on Mar 30, 2020.
             Mangled by Sigmund
             ... wielding a +0 scythe
              (14 damage)
             ... on level 2 of the Dungeon.
             The game lasted 00:05:03 (1533 turns).

ReteAZ the Conjurer (Deep Elf Conjurer)             Turns: 1533, Time: 00:05:04

Health: -9/19      AC:  2    Str:  5    XL:     3   Next: 58%
Magic:  5/10       EV: 13    Int: 20    God:
Gold:   30         SH:  0    Dex: 15    Spells: 7/10 levels left

rFire    . . .     SeeInvis .   f - +2 whip (freeze)
rCold    . . .     Gourm    .   (no shield)
rNeg     . . .     Faith    .   a - +0 robe
rPois    .         Spirit   .   (no helmet)
rElec    .         Reflect  .   (no cloak)
rCorr    .         Harm     .   (no gloves)
MR       .....                  (no boots)
Stlth    ++........             (no amulet)
HPRegen  0.06/turn              (no ring)
MPRegen  0.12/turn              (no ring)

@: no status effects
A: no striking features
a: no special abilities


You were on level 2 of the Dungeon.
You were not hungry.

You visited 1 branch of the dungeon, and saw 2 of its levels.

You collected 30 gold pieces.

Inventory:

Hand Weapons
 f - a +2 whip of freezing (weapon)
Armour
 a - a +0 robe (worn)
 h - a cursed +0 leather armour
Scrolls
 b - a scroll of teleportation {unknown}
 d - 2 scrolls of amnesia {unknown}
 e - 2 scrolls of identify {unknown}
Potions
 g - a potion of degeneration {unknown}
Comestibles
 c - 3 rations
 i - 4 chunks of flesh


   Skills:
 - Level 2.4 Dodging
 - Level 2.4 Stealth
 + Level 4.0 Spellcasting
 * Level 5.4 Conjurations


You had 7 spell levels left.
You knew the following spells:

 Your Spells              Type           Power        Failure   Level  Hunger
a - Magic Dart            Conj           ####         1%          1    None
b - Searing Ray           Conj           ####..       1%          2    #......

Your spell library contained the following spells:

 Spells                   Type           Power        Failure   Level  Hunger
 Dazzling Flash           Conj/Hex       ##....       13%         3    ###....
 Fulminant Prism          Conj/Hex       ##........   38%         4    ####...
 Iskenderun's Mystic Bla  Conj/Tloc      ##......     38%         4    ####...


Dungeon Overview and Level Annotations

Branches:
Dungeon (2/15)

Altars:

Annotations:
D:2 Sigmund, Terence


Message History

The puff of flame hits you.
A frilled lizard comes into view.
You feel less confused. Sigmund misses you.
Sigmund hits you from afar with a +0 scythe!
* * * LOW HITPOINT WARNING * * *
Casting: Searing Ray (safe; 1% risk of failure)
Confirm with . or Enter, or press ? or * to list all spells.
Aiming: Searing Ray (safe; 1% risk of failure)
Press: ? - help, Shift-Dir - straight line, f/p - Sigmund
Aim: Sigmund, wielding a +0 scythe and wearing a cursed +0 robe (moderately wounded)
The searing ray misses Sigmund. (Press . to maintain the ray.)
The frilled lizard hisses angrily.
The searing ray hits Sigmund!
Sigmund is heavily wounded.
The goblin barely misses you.
Sigmund hits you from afar with a +0 scythe!
Ouch! That really hurt!
You die...

#.###### #.#
#.# #.# . #.#
.. #.# ... #.#
.!.. #.# .....
###@####.(....
#..g.@.?......
#.......$.....
#.............
#.............
#..l....######
#.......#
#.......#
#.......#


You could see Sigmund, a goblin and a frilled lizard.

Vanquished Creatures
  2 adders (D:2)
  An ooze (D:1)
  A worm (D:2)
  A dart slug (D:2)
  A leopard gecko (D:1)
  A giant cockroach (D:1)
  2 goblins
  A hobgoblin (D:1)
  3 jackals (D:1)
  3 kobolds
  A quokka (D:2)
  A bat (D:2)
  3 frilled lizards
  3 rats (D:1)
24 creatures vanquished.

Notes
Turn   | Place    | Note
-------+----------+-------------------------------------------
     0 | D:1      | ReteAZ the Deep Elf Conjurer began the quest for the Orb.
     0 | D:1      | Reached XP level 1. HP: 10/10 MP: 6/6
     0 | D:1      | Noticed an orb of fire
     2 | D:1      | Noticed a tentacled monstrosity
     2 | D:1      | Noticed a tentacled monstrosity
     4 | D:1      | Noticed a black draconian
     5 | D:1      | Noticed an orb of fire
     6 | D:1      | Noticed a large abomination
     8 | D:1      | Noticed a tentacled monstrosity
    11 | D:1      | Noticed an iron dragon
    13 | D:1      | Noticed an ice dragon
    13 | D:1      | Noticed an ice dragon
    15 | D:1      | Noticed an iron dragon
    17 | D:1      | Noticed an orb of fire
    17 | D:1      | Noticed a green draconian
    17 | D:1      | Noticed an orb of fire
    19 | D:1      | Noticed a green draconian
   360 | D:1      | Reached XP level 2. HP: 15/15 MP: 2/8
   447 | D:1      | Learned a level 2 spell: Searing Ray
   839 | D:1      | Reached skill level 5 in Conjurations
  1090 | D:2      | Noticed Terence
  1343 | D:2      | Reached XP level 3. HP: 13/19 MP: 3/10
  1522 | D:2      | Noticed Sigmund
  1533 | D:2      | Mangled by Sigmund

Levels and vault maps discovered:
D:1:      shiori_arrival_whats_in_store_for_you, layout_basic
D:2:      layout_basic, first_ration, grunt_ministairs_2, uniq_sigmund,
          uniq_terence, uniq_natasha

Skill      XL: |  1  2  3 |
---------------+----------+-----
Conjurations   | 5 |  5.4
Spellcasting   | 4 |  4.0
Dodging        | |  2.4
Stealth        | |  2.4

Action                   || total
-------------------------++-------
Melee: Unarmed           ||     1
       Whip              ||     4
 Cast: Magic Dart        ||    46
       Searing Ray       ||     6
  Use: Potion            ||     1
  Eat: Chunk             ||     2
Armor: Robe              ||     4
Dodge: Dodged            ||    17

Table legend:
 A = Non-vault XP
 B = Vault XP
 C = Vault XP percentage of total XP
 D = Non-vault monster count
 E = Vault monster count
 F = Vault count percentage of total count
                 A         B        C        D         E       F
            +---------+---------+-------+---------+---------+-------
      Total |      60 |      14 |  18.9 |      22 |       2 |   8.3
            +---------+---------+-------+---------+---------+-------
        D:1 |      30 |       0 |   0.0 |      15 |       0 |   0.0
        D:2 |      30 |      14 |  31.8 |       7 |       2 |  22.2
            +---------+---------+-------+---------+---------+-------
